 Dungeon Crawl Stone Soup version 0.27-a0-1532-gca18f49f40 (webtiles) character file.

Game seed: 12456028530931510696

200648 Snikeer the Omniscient (level 18, -6/155 HPs)
             Began as a Gnoll Earth Elementalist on July 9, 2021.
             Was the Champion of Ashenzari.
             Killed from afar by a will-o-the-wisp (15 damage)
             ... with a foxfire
             ... on level 4 of the Swamp on July 12, 2021.
             The game lasted 01:35:06 (36968 turns).

Snikeer the Omniscient (Gnoll Earth Elementalist)  Turns: 36968, Time: 01:35:06

Health: -6/155     AC: 23    Str: 10    XL:     18   Next: 96%
Magic:  40/40      EV: 23    Int: 31    God:    Ashenzari [******]
Gold:   2160       SH: 13    Dex: 15    Spells: 4/53 levels left

rFire    . . .     SeeInvis +   l - +10 rapier of the Gnostic Malaise {elec, Dex+2, Cun, Elem} (curse)
rCold    . . .     Faith    .   t - +0 buckler of Ashenzari's Jealousy {Evo, Elem} (curse)
rNeg     . . .     Spirit   .   K - +3 ring mail of the Oracular Loss {*Corrode Fly Will+ Int+5, Cun, Fort} (curse)
rPois    .         Reflect  +   I - +2 hat of Toth-Mos's Legacy {Stlth+, Cun, Elem} (curse)
rElec    .         Harm     .   z - +0 cloak of the Fated Seer {Elem, Alch} (curse)
rCorr    .         Rampage  .   Z - +3 pair of gauntlets of War {Slay+5, Cun, Self} (curse)
Will     ++...     Clarity  +   r - +2 pair of boots of the Tethered Visionary {Self, Comp} (curse)
Stlth    +++++++...             Q - amulet "Unveiling Gnosis" {Reflect SH+5, Fort, Self} (curse)
HPRegen  0.35/turn              P - ring of the Ruined Jealousy {Int+6, Melee, Elem} (curse)
MPRegen  0.27/turn              k - ring of Cremastomancy {EV+4, Bglg, Evo} (curse)

@: lethally poisoned (-6 -> -21), flying
A: fangs 1, strong nose, distributed training
a: Renounce Religion, Shatter the Chains


You were on level 4 of the Swamp.
You worshipped Ashenzari.
Ashenzari was exalted by your worship.
You visited 8 branches of the dungeon, and saw 31 of its levels.
You visited 1 bazaar.
You also visited: Sewer and Volcano.

You collected 2325 gold pieces.
You spent 165 gold pieces at shops.

Inventory:

Hand Weapons
 l - the cursed +10 rapier of the Gnostic Malaise (weapon) {elec, Dex+2, Cun, Elem}
   (You found it on level 6 of the Dungeon)

   Occasionally, upon striking a foe, it can discharge electrical energy and
   cause terrible harm.
   Dex:       It affects your dexterity (+2).
   It has a curse which improves the following skills: Cunning: Dodging and
   Stealth.
   Elements:  Fire Magic, Ice Magic, Air Magic and Earth Magic.
Missiles
 b - 9 curare-tipped darts
 e - 33 boomerangs
 o - 90 poisoned darts
 s - 4 silver boomerangs
 F - 5 javelins (quivered)
Armour
 r - the cursed +2 pair of boots of the Tethered Visionary (worn) {Self, Comp}
   (You bought it in a shop on level 1 of the Dungeon)

   It has a curse which improves the following skills: Introspection: Fighting
   and Spellcasting.
   Companions: Summonings and Necromancy.
 t - the cursed +0 buckler of Ashenzari's Jealousy (worn) {Evo, Elem}
   (You bought it in a shop on level 1 of the Dungeon)

   It has a curse which improves the following skills: Evocations: Evocations.
   Elements:  Fire Magic, Ice Magic, Air Magic and Earth Magic.
 z - the cursed +0 cloak of the Fated Seer (worn) {Elem, Alch}
   (You found it on level 11 of the Dungeon)

   It has a curse which improves the following skills: Elements: Fire Magic, Ice
   Magic, Air Magic and Earth Magic.
   Alchemy:   Poison Magic and Transmutations.
 I - the cursed +2 hat of Toth-Mos's Legacy (worn) {Stlth+, Cun, Elem}
   (You took it off Gastronok on level 9 of the Dungeon)

   It has a curse which improves the following skills: Cunning: Dodging and
   Stealth.
   Elements:  Fire Magic, Ice Magic, Air Magic and Earth Magic.
 K - the cursed +3 ring mail of the Oracular Loss (worn) {*Corrode Fly Will+ Int+5, Cun, Fort}
   (You found it on level 6 of the Dungeon)

   Int:       It affects your intelligence (+5).
   Fly:       It grants you flight.
   *Corrode:  It may corrode you when you take damage.
   Will:      It increases your willpower.
   It has a curse which improves the following skills: Cunning: Dodging and
   Stealth.
   Fortitude: Armour and Shields.
 Z - the cursed +3 pair of gauntlets of War (worn) {Slay+5, Cun, Self}
   (You found it in a volcano)

   Slay:      It affects your accuracy & damage with ranged weapons and melee
   (+5).
   It has a curse which improves the following skills: Cunning: Dodging and
   Stealth.
   Introspection: Fighting and Spellcasting.
Jewellery
 k - the cursed ring of Cremastomancy (right hand) {EV+4, Bglg, Evo}
   (You found it on level 3 of the Dungeon)

   [ring of evasion]

   EV:        It affects your evasion (+4).
   It has a curse which improves the following skills: Beguiling: Conjurations,
   Hexes and Translocations.
   Evocations: Evocations.
 C - a ring of protection from cold {rC+, !d}
   (You found it on level 1 of the Swamp)
 P - the cursed ring of the Ruined Jealousy (left hand) {Int+6, Melee, Elem}
   (You found it on level 5 of the Dungeon)

   [ring of intelligence]

   Int:       It affects your intelligence (+6).
   It has a curse which improves the following skills: Melee Combat: Short
   Blades, Long Blades, Axes, Maces & Flails, Polearms, Staves and Unarmed
   Combat.
   Elements:  Fire Magic, Ice Magic, Air Magic and Earth Magic.
 Q - the cursed amulet "Unveiling Gnosis" (around neck) {Reflect SH+5, Fort, Self}
   (You found it on level 5 of the Lair of Beasts)

   [amulet of reflection]

   It reflects blocked missile attacks.
   SH:        It affects your SH (+5).
   It has a curse which improves the following skills: Fortitude: Armour and
   Shields.
   Introspection: Fighting and Spellcasting.
 V - a ring of resist corrosion
   (You found it on level 1 of the Dungeon)
Wands
 d - a wand of digging (12)
   (You found it on level 14 of the Dungeon)
 h - a wand of acid (41)
   (You found it on level 7 of the Dungeon)
 i - a wand of iceblast (10)
   (You found it on level 6 of the Lair of Beasts)
 j - a wand of polymorph (19)
   (You found it on level 13 of the Dungeon)
 p - a wand of paralysis (21)
   (You found it on level 7 of the Dungeon)
 q - a wand of flame (44)
   (You found it on level 13 of the Dungeon)
 y - a wand of mindburst (12)
   (You found it on level 2 of the Swamp)
Scrolls
 a - a scroll of brand weapon
 f - 2 scrolls of enchant armour
 n - 3 scrolls of enchant weapon
 u - 3 scrolls of fear
 D - 2 scrolls of blinking {!r}
 E - a scroll of fog
 O - 3 scrolls of silence
 S - 4 scrolls of amnesia
 W - a scroll of holy word {!r}
 X - 14 scrolls of magic mapping {@r4!r}
 Y - 14 scrolls of teleportation {@r3}
Potions
 c - 4 potions of attraction {!q}
 x - 3 potions of magic
 A - 2 potions of cancellation
 B - a potion of brilliance
 G - 2 potions of ambrosia {!q}
 H - a potion of haste
 J - 14 potions of curing {@q1}
 L - 2 potions of invisibility
 M - 2 potions of might
 N - 5 potions of heal wounds {@q2}
 R - 3 potions of resistance
 T - 5 potions of berserk rage {!q}
 U - 4 potions of mutation {!q}
Miscellaneous
 g - a tin of tremorstones (2/2)
   (You found it on level 6 of the Lair of Beasts)
 m - a phantom mirror
   (You found it on level 13 of the Dungeon)
 v - a lightning rod (4/4)
   (You found it on level 13 of the Dungeon)
 w - a phial of floods
   (You found it on level 9 of the Dungeon)


   Skills:
 + Level 11.7(17.2) Fighting
 + Level 11.7(14.4) Short Blades
 + Level 11.7(14.4) Long Blades
 + Level 11.7(14.4) Axes
 + Level 11.7(14.4) Maces & Flails
 + Level 11.7(14.4) Polearms
 + Level 11.7(14.4) Staves
 + Level 11.7 Slings
 + Level 11.7 Bows
 + Level 11.7 Crossbows
 + Level 11.7 Throwing
 + Level 11.7(15.9) Armour
 + Level 12.4(19.0) Dodging
 + Level 12.3(18.9) Stealth
 + Level 11.7(15.9) Shields
 + Level 11.7(14.4) Unarmed Combat
 + Level 12.6(18.0) Spellcasting
 + Level 10.0(12.8) Conjurations
 + Level 10.0(12.8) Hexes
 + Level 10.0(12.8) Summonings
 + Level 10.0(12.8) Necromancy
 + Level 10.0(12.8) Translocations
 + Level 10.2(13.0) Transmutations
 + Level 10.0(17.8) Fire Magic
 + Level 10.0(17.8) Ice Magic
 + Level 10.0(17.8) Air Magic
 + Level 11.3(19.0) Earth Magic
 + Level 10.0(12.8) Poison Magic
 + Level 12.6 Invocations
 + Level 11.7(15.9) Evocations


You had 4 spell levels left.
You knew the following spells:

 Your Spells              Type           Power      Damage    Failure   Level
b - Frozen Ramparts       Ice            100%       1d12      0%          3
c - Borgnjor's Vile Clut  Necr/Erth      45%        N/A       1%          5
d - Foxfire               Conj/Fire      100%       2x1d9     0%          1
e - Silence               Hex/Air        44%        N/A       1%          5
f - Invisibility          Hex            41%        N/A       1%          6
g - Simulacrum            Ice/Necr       44%        N/A       1%          6
h - Starburst             Conj/Fire      44%        8x6d12    1%          6
i - Dragon Form           Tmut           41%        N/A       11%         7
w - Passwall              Tmut/Erth      75%        N/A       0%          2
x - Stone Arrow           Conj/Erth      100%       3d13      0%          3
z - Lee's Rapid Deconstr  Erth           49%        3d24*     1%          5

Your spell library contained the following spells:

 Spells                   Type           Power      Damage    Failure   Level
 Apportation              Tloc           100%       N/A       0%          1
 Freeze                   Ice            100%       1d11      0%          1
 Pain                     Necr           100%       1d9       0%          1
 Sandblast                Erth           100%       2d20      0%          1
 Conjure Flame            Conj/Fire      89%        6-21      0%          3
 Inner Flame              Hex/Fire       89%        N/A       0%          3
 Ozocubu's Armour         Ice            95%        N/A       0%          3
 Swiftness                Air            95%        N/A       0%          3
 Sublimation of Blood     Necr           41%        N/A       1%          2
 Wereblood                Tmut           83%        N/A       1%          2
 Dazzling Flash           Conj/Hex       100%       N/A       1%          3
 Portal Projectile        Hex/Tloc       100%       N/A       1%          3
 Teleport Other           Tloc           82%        N/A       1%          3
 Hailstorm                Conj/Ice       89%        3d18      1%          4
 Iskenderun's Mystic Bla  Conj/Tloc      82%        2d16      1%          4
 Petrify                  Tmut/Erth      91%        N/A       1%          4
 Agony                    Necr           82%        N/A       1%          5
 Blade Hands              Tmut           41%        N/A       1%          5
 Excruciating Wounds      Necr           41%        N/A       1%          5
 Metabolic Englaciation   Hex/Ice        44%        N/A       1%          5
 Summon Hydra             Summ           41%        N/A       12%         7
 Polar Vortex             Ice            47%        N/A       88%         9


Dungeon Overview and Level Annotations

Branches:
Dungeon (15/15)            Temple (1/1) D:4            Lair (6/6) D:8
  Swamp (4/4) Lair:4        Snake (0/4) Lair:3        Slime (1/5) Lair:5
    Orc (2/2) D:12            Elf (1/3) Orc:2        Vaults (0/5) D:14
 Depths (1/5) D:15          Sewer (visited)         Volcano (visited)

Altars:
Ashenzari
Cheibriados
Dithmenos
Elyvilon
Fedhas
Gozag
Hepliaklqana
Kikubaaqudgha
Makhleb
Nemelex Xobeh
Okawaru
Qazlal
Ru
Sif Muna
Trog
Uskayaw
Vehumet
Wu Jian
Xom
Yredelemnul
Zin
The Shining One
Beogh
Jiyva

Shops:
D:1 [   D:6 (   D:9 *   D:10 :   Orc:2 (*[?

Annotations:
D:10 2 transporters


Innate Abilities, Weirdness & Mutations

You have very sharp teeth.
Your uncanny sense of smell can sniff out nearby items.
Your experience applies equally to all skills.


Message History

You puncture the swamp worm! You block the swamp worm's attack.
You puncture the swamp worm!
Lightning courses through the swamp worm!
The blast of putrescent gases engulfs you!!
The blast of putrescent gases engulfs the tyrant leech!!
You hear a shout!
The tyrant leech bites you!!
The tyrant leech draws strength from your injuries!
You take 47 damage, and have 108/155 hp.
MASSIVE DAMAGE!!
You barely miss the tyrant leech.
You hit the tyrant leech but do no damage.
Lightning courses through the tyrant leech!!
The tyrant leech completely misses you.
You puncture the tyrant leech!
A spriggan druid comes into view. It is wielding a +0 quarterstaff.
You impale the tyrant leech!!
Lightning courses through the tyrant leech!
The spriggan druid hits you but does no damage.
You miss the spriggan druid. You closely miss the spriggan druid.
The spriggan druid hits you with a +0 quarterstaff.
You take 5 damage, and have 106/155 hp.
You barely miss the spriggan druid.
A will-o-the-wisp comes into view.
The will-o-the-wisp gives a chilling moan.
You puncture the spriggan druid!
You bite the spriggan druid, but do no damage.
The spriggan druid hits you but does no damage.
You hit the spriggan druid.
The will-o-the-wisp gestures.
The will-o-the-wisp conjures some foxfire!
A foxfire comes into view.
You hit the spriggan druid.
A foxfire comes into view.
The spriggan druid casts a spell at you.
The stone arrow hits you!!
The foxfire moves out of view.
You take 22 damage, and have 84/155 hp.
You are too injured to fight recklessly!
You are too injured to fight recklessly!
You barely miss the spriggan druid. You impale the spriggan druid!!
The foxfire hits you.
The spriggan druid calls out to the beasts of the wild!
A swamp dragon comes into view.
You take 4 damage, and have 81/155 hp.
You barely miss the spriggan druid.
You are engulfed in a cloud of scalding steam.
The will-o-the-wisp gestures.
The will-o-the-wisp conjures some foxfire!
A six-headed hydra comes into view. 2 foxfires come into view.
You closely miss the spriggan druid. Your bite misses the spriggan druid.
You are engulfed in a cloud of scalding steam.
You block the spriggan druid's attack.
You puncture the spriggan druid!
With its final breath, the spriggan druid offers up its power to the beasts of the wild!
The swamp dragon seems to grow more fierce.
The six-headed hydra seems to grow more fierce.
You are engulfed in a cloud of scalding steam.
The will-o-the-wisp blinks!
The foxfire hits you.
You take 2 damage, and have 79/155 hp.
The foxfire hits you!
You take 15 damage, and have 64/155 hp.
The will-o-the-wisp gestures.
The will-o-the-wisp conjures some foxfire!
You block the six-headed hydra's attack. x3
The six-headed hydra closely misses you. x2
You block the six-headed hydra's attack. 2 foxfires come into view.
The foxfire hits you!
The swamp dragon breathes poison at you.
The blast of poison engulfs you!
You are poisoned.
* * * LOW HITPOINT WARNING * * *
The will-o-the-wisp gestures.
The will-o-the-wisp conjures some foxfire!
You block the six-headed hydra's attack.
The six-headed hydra misses you.
The six-headed hydra bites you but does no damage.
You block the six-headed hydra's attack.
The six-headed hydra bites you but does no damage.
The six-headed hydra barely misses you. 2 foxfires come into view.
You take 20 damage, and have 44/155 hp.
You are engulfed in poison gas.
You are more poisoned.
* * * LOW HITPOINT WARNING * * *
You feel extremely sick.
The foxfire hits you but does no damage.
The foxfire hits you!
* * * LOW HITPOINT WARNING * * *
You block the six-headed hydra's attack.
The six-headed hydra barely misses you. The six-headed hydra misses you. x2
The six-headed hydra closely misses you.
The six-headed hydra bites you.
* * * LOW HITPOINT WARNING * * *
* * * LOW HITPOINT WARNING * * *
You feel very sick. The foxfire hits you!
You die...

≈ .≈≈≈.§≈≈≈≈≈.♣♣ , ≈≈≈
≈≈..♣....)≈≈♣♣ ≈ ,
♣♣≈♣≈≈♣♣≈≈≈≈.♣ * ,≈
♣♣≈.≈≈♣♣♣..≈♣♣♣ *** ≈≈≈≈
♣≈.§§D♣♣♣♣♣♣♣§♣♣ * ♣* ,
≈≈§♣♣♣♣.)§..≈§♣♣♣≈..♣♣♣* .♣,
,
≈≈...(.≈≈§v≈☼≈♣♣≈..♣≈♣♣(≈≈,
≈≈ ≈≈≈≈≈≈≈§§☼.§≈^.<..≈♣≈.♣
,,
≈≈≈.≈≈≈§≈≈☼≈○v@..≈......♣$≈≈
,≈ .≈...≈§≈≈○D§○..§...≈..≈≈≈
, ≈ * ,
≈..≈≈≈≈≈°≈≈§..÷..<≈≈....≈ *
,≈.♣.≈§≈≈§≈.≈≈≈≈...[≈..≈≈≈≈
, ≈
≈♣≈....≈≈§≈≈≈≈≈≈§≈≈≈§.≈...
,,
**♣♣....§§≈≈≈≈≈≈≈≈≈.≈.≈§≈≈≈≈
, ,
♣♣.≈≈≈...≈§≈≈≈≈≈≈♣≈.♣≈.., ,≈
,≈ ≈≈≈≈≈≈..≈≈≈≈.≈.♣♣♣♣...≈,,
≈, .≈≈≈≈≈≈)≈≈≈≈≈..♣ * ≈... ≈


You could see a six-headed hydra (strong), a swamp dragon (strong) and a
will-o-the-wisp.

Vanquished Creatures
  2 tentacled monstrosities
  Gastronok (D:9)
  A fire giant (D:15)
  A vampire knight (D:13)
  Nessos (D:14)
  Azrael (D:15)
  A bunyip (Swamp:1)
  An eleionoma (Swamp:2)
  Snorg (D:14)
  A shambling mangrove (Swamp:4)
  3 spriggan air magi
  A vault guard (D:14)
  21 hydras
  A ghost crab (Swamp:1)
  4 boulder beetles
  2 centaur warriors
  2 catoblepae
  8 alligators
  A tengu warrior (D:15)
  A vampire mage (D:13)
  7 two-headed ogres
  2 orc high priests
  2 spriggan berserkers (Swamp:3)
  Urug (D:13)
  4 goliath frogs
  5 spriggan druids
  3 swamp dragons
  2 bog bodies
  A phantasmal warrior (D:14)
  7 orc sorcerers
  A lindwurm (Lair:5)
  4 manticores
  2 oklob plants (Lair:5)
  7 will-o-the-wisps
  A deep elf zephyrmancer (Orc:2)
  21 ugly things
  11 elephants
  3 cyclopes
  5 black mambas
  Maurice (Orc:2)
  5 gargoyles
  A torpor snail (Lair:6)
  9 cane toads
  18 komodo dragons
  Maggie (D:8)
  Psyche (D:9)
  5 rime drakes
  An efreet (Volcano)
  2 bloated husks
  4 red devils (D:15)
  2 tengu conjurers (D:15)
  3 trolls
  8 polar bears
  13 hornets
  2 blink frogs (shapeshifter)
  9 slime creatures
  5 tyrant leeches
  18 blink frogs
  17 flying skulls (D:13)
  2 wraiths
  A water elemental (D:12)
  4 wyverns
  64 yaks
  28 spriggans
  4 fire bats (Lair:5)
  2 shadows (D:11)
  4 fire elementals
  7 vampires (D:13)
  2 basilisks
  16 vampire mosquitoes
  A human (D:13)
  18 swamp worms
  4 nagas (Lair:3)
  4 acid dragons
  9 wargs
  3 hell hounds (D:15)
  15 water moccasins
  19 orc warriors
  A hornet zombie (D:7)
  An ice beast (D:6)
  2 necrophages
  A sky beast (D:6)
  4 black bears
  12 ogres
  3 boggarts (Lair:6)
  19 wolves
  7 centaurs
  A phantom (D:7)
  Blork the orc (D:4)
  9 bullfrogs
  3 scorpions
  3 killer bees (D:9)
  9 wights
  5 howler monkeys
  3 electric eels
  A lava snake (Lair:5)
  A crimson imp (D:13)
  5 centaur zombies
  7 human zombies (D:13)
  2 hounds (D:5)
  14 jellies
  10 orc priests
  A bullfrog skeleton (D:6)
  42 orc wizards
  18 iguanas
  2 hell rats (D:13)
  4 gnolls (D:7)
  A howler monkey skeleton (D:5)
  7 adders
  5 river rats
  2 white imps
  5 worms
  3 dart slugs
  80 orcs
  15 bats
  10 endoplasms
  5 giant cockroaches
  12 goblins
  8 hobgoblins
  8 jackals
  5 quokkas
  4 ball pythons
  17 frilled lizards
  8 kobolds
  6 rats
  A bush (Lair:3)
869 creatures vanquished.

Vanquished Creatures (collateral kills)
  A hornet (Swamp:3)
  A spriggan (Swamp:3)
2 creatures vanquished.

Vanquished Creatures (others)
  A swamp dragon (Swamp:2)
  4 bloated husks
  A tyrant leech (Swamp:1)
  A vampire mosquito (D:12)
  4 bushes (Lair:3)
  49 foxfires
  59 fungi
  86 plants
205 creatures vanquished.

Grand Total: 1076 creatures vanquished

Notes
Turn   | Place    | Note
-------+----------+-------------------------------------------
     0 | D:1      | Snikeer the Gnoll Earth Elementalist began the quest for
                  | the Orb.
     0 | D:1      | Reached XP level 1. HP: 13/13 MP: 6/6
    95 | D:1      | Found Rixitax's Armour Shoppe.
   691 | D:1      | Reached skill level 2 in Transmutations
  1025 | D:1      | Reached XP level 2. HP: 19/19 MP: 7/7
  1179 | D:1      | Learned a level 2 spell: Passwall
  1847 | D:2      | Reached XP level 3. HP: 25/25 MP: 9/9
  1853 | D:2      | Reached skill level 5 in Spellcasting
  2032 | D:2      | Reached skill level 1 in Invocations
  2207 | D:2      | Reached skill level 1 in Fighting
  2207 | D:2      | Reached skill level 1 in Short Blades
  2207 | D:2      | Reached skill level 1 in Long Blades
  2207 | D:2      | Reached skill level 1 in Axes
  2207 | D:2      | Reached skill level 1 in Maces & Flails
  2207 | D:2      | Reached skill level 1 in Polearms
  2207 | D:2      | Reached skill level 1 in Staves
  2207 | D:2      | Reached skill level 1 in Slings
  2207 | D:2      | Reached skill level 1 in Bows
  2207 | D:2      | Reached skill level 1 in Crossbows
  2207 | D:2      | Reached skill level 1 in Throwing
  2207 | D:2      | Reached skill level 1 in Armour
  2207 | D:2      | Reached skill level 1 in Shields
  2207 | D:2      | Reached skill level 1 in Unarmed Combat
  2207 | D:2      | Reached skill level 1 in Evocations
  2207 | D:2      | Reached XP level 4. HP: 17/32 MP: 9/11
  3067 | D:3      | Found a glowing drain.
  3083 | Sewer    | Entered a sewer
  3091 | Sewer    | Reached skill level 1 in Conjurations
  3091 | Sewer    | Reached skill level 1 in Hexes
  3091 | Sewer    | Reached skill level 1 in Summonings
  3091 | Sewer    | Reached skill level 1 in Necromancy
  3091 | Sewer    | Reached skill level 1 in Translocations
  3091 | Sewer    | Reached skill level 1 in Fire Magic
  3091 | Sewer    | Reached skill level 1 in Ice Magic
  3091 | Sewer    | Reached skill level 1 in Air Magic
  3091 | Sewer    | Reached skill level 1 in Poison Magic
  3320 | Sewer    | Learned a level 3 spell: Stone Arrow
  3824 | Sewer    | Reached XP level 5. HP: 37/37 MP: 12/12
  4451 | D:3      | Found a faded altar of an unknown god.
  4831 | D:3      | Found a hide-covered altar of Uskayaw.
  5302 | D:4      | Noticed an ogre
  5304 | D:4      | HP: 6/37 [ogre (31)]
  5305 | D:4      | Killed an ogre
  5306 | D:4      | Reached skill level 2 in Invocations
  5306 | D:4      | Reached XP level 6. HP: 8/44 MP: 9/13
  5663 | D:4      | Noticed Blork the orc
  5718 | D:4      | Reached skill level 5 in Dodging
  5786 | D:4      | Reached skill level 2 in Fighting
  5786 | D:4      | Reached skill level 2 in Short Blades
  5786 | D:4      | Reached skill level 2 in Long Blades
  5786 | D:4      | Reached skill level 2 in Axes
  5786 | D:4      | Reached skill level 2 in Maces & Flails
  5786 | D:4      | Reached skill level 2 in Polearms
  5786 | D:4      | Reached skill level 2 in Staves
  5786 | D:4      | Reached skill level 2 in Slings
  5786 | D:4      | Reached skill level 2 in Bows
  5786 | D:4      | Reached skill level 2 in Crossbows
  5786 | D:4      | Reached skill level 2 in Throwing
  5786 | D:4      | Reached skill level 2 in Armour
  5786 | D:4      | Reached skill level 2 in Shields
  5786 | D:4      | Reached skill level 2 in Unarmed Combat
  5786 | D:4      | Reached skill level 2 in Evocations
  5851 | D:4      | Found a burning altar of Makhleb.
  5871 | D:4      | Found a staircase to the Ecumenical Temple.
  5886 | D:5      | Entered Level 5 of the Dungeon
  5922 | Temple   | Entered the Ecumenical Temple
  5977 | Temple   | Became a worshipper of Ashenzari the Shackled
  6107 | D:4      | HP: 11/44 [goblin/stone (4)]
  6655 | D:4      | HP: 11/44 [Blork the orc (4)]
  6659 | D:4      | Killed Blork the orc
  6660 | D:4      | Reached XP level 7. HP: 11/50 MP: 8/15
  6940 | D:4      | Reached skill level 2 in Conjurations
  6940 | D:4      | Reached skill level 2 in Hexes
  6940 | D:4      | Reached skill level 2 in Summonings
  6940 | D:4      | Reached skill level 2 in Necromancy
  6940 | D:4      | Reached skill level 2 in Translocations
  6940 | D:4      | Reached skill level 2 in Fire Magic
  6940 | D:4      | Reached skill level 2 in Ice Magic
  6940 | D:4      | Reached skill level 2 in Air Magic
  6940 | D:4      | Reached skill level 2 in Poison Magic
  7211 | D:5      | Reached skill level 3 in Transmutations
  7537 | D:5      | Found a basalt altar of Yredelemnul.
  7545 | D:5      | Reached skill level 5 in Stealth
  7545 | D:5      | Reached skill level 3 in Invocations
  7652 | D:5      | Reached skill level 6 in Earth Magic
  7652 | D:5      | Reached XP level 8. HP: 57/57 MP: 13/16
  7833 | D:5      | Reached skill level 3 in Fighting
  7833 | D:5      | Reached skill level 3 in Short Blades
  7833 | D:5      | Reached skill level 3 in Long Blades
  7833 | D:5      | Reached skill level 3 in Axes
  7833 | D:5      | Reached skill level 3 in Maces & Flails
  7833 | D:5      | Reached skill level 3 in Polearms
  7833 | D:5      | Reached skill level 3 in Staves
  7833 | D:5      | Reached skill level 3 in Slings
  7833 | D:5      | Reached skill level 3 in Bows
  7833 | D:5      | Reached skill level 3 in Crossbows
  7833 | D:5      | Reached skill level 3 in Throwing
  7833 | D:5      | Reached skill level 3 in Armour
  7833 | D:5      | Reached skill level 3 in Shields
  7833 | D:5      | Reached skill level 3 in Unarmed Combat
  7833 | D:5      | Reached skill level 3 in Evocations
  8201 | D:5      | Reached skill level 6 in Spellcasting
  8400 | D:5      | HP: 14/56 [wight (22)]
  9204 | D:6      | Reached skill level 3 in Conjurations
  9204 | D:6      | Reached skill level 3 in Hexes
  9204 | D:6      | Reached skill level 3 in Summonings
  9204 | D:6      | Reached skill level 3 in Necromancy
  9204 | D:6      | Reached skill level 3 in Translocations
  9204 | D:6      | Reached skill level 3 in Fire Magic
  9204 | D:6      | Reached skill level 3 in Ice Magic
  9204 | D:6      | Reached skill level 3 in Air Magic
  9204 | D:6      | Reached skill level 3 in Poison Magic
  9204 | D:6      | Reached skill level 4 in Invocations
  9354 | D:6      | Found Vyxkeuwk's Weapon Shoppe.
  9481 | D:6      | Reached skill level 6 in Dodging
  9489 | D:6      | HP: 14/60 [orc warrior (14)]
  9492 | D:6      | Reached XP level 9. HP: 16/65 MP: 5/18
  9499 | D:6      | HP: 7/65 [orc/boomerang (3)]
  9815 | D:6      | Identified the +3 ring mail of the Fiddle {*Corrode Fly
                  | Will+ Int+5}
  9989 | D:6      | Identified the +10 rapier of the Exiled Hells {elec, Dex+2}
 10007 | D:6      | Reached skill level 4 in Fighting
 10007 | D:6      | Reached skill level 4 in Short Blades
 10007 | D:6      | Reached skill level 4 in Long Blades
 10007 | D:6      | Reached skill level 4 in Axes
 10007 | D:6      | Reached skill level 4 in Maces & Flails
 10007 | D:6      | Reached skill level 4 in Polearms
 10007 | D:6      | Reached skill level 4 in Staves
 10007 | D:6      | Reached skill level 4 in Slings
 10007 | D:6      | Reached skill level 4 in Bows
 10007 | D:6      | Reached skill level 4 in Crossbows
 10007 | D:6      | Reached skill level 4 in Throwing
 10007 | D:6      | Reached skill level 4 in Armour
 10007 | D:6      | Reached skill level 4 in Shields
 10007 | D:6      | Reached skill level 4 in Unarmed Combat
 10007 | D:6      | Reached skill level 4 in Transmutations
 10007 | D:6      | Reached skill level 4 in Evocations
 10152 | D:6      | Found a radiant altar of Vehumet.
 10553 | D:7      | Reached * piety under Ashenzari
 10610 | D:7      | Learned a level 5 spell: Lee's Rapid Deconstruction
 10689 | D:7      | Reached skill level 6 in Stealth
 11137 | D:7      | Reached ** piety under Ashenzari
 11408 | D:7      | Found a snail-covered altar of Cheibriados.
 11549 | D:1      | Bought a +0 pair of boots for 45 gold pieces
 11549 | D:1      | Bought a +0 buckler for 45 gold pieces
 12047 | D:8      | Reached skill level 5 in Invocations
 12054 | D:8      | Noticed Maggie
 12057 | D:8      | Reached skill level 7 in Spellcasting
 12065 | D:8      | Killed Maggie
 12066 | D:8      | Reached skill level 4 in Conjurations
 12066 | D:8      | Reached skill level 4 in Hexes
 12066 | D:8      | Reached skill level 4 in Summonings
 12066 | D:8      | Reached skill level 4 in Necromancy
 12066 | D:8      | Reached skill level 4 in Translocations
 12066 | D:8      | Reached skill level 4 in Fire Magic
 12066 | D:8      | Reached skill level 4 in Ice Magic
 12066 | D:8      | Reached skill level 4 in Air Magic
 12066 | D:8      | Reached skill level 4 in Poison Magic
 12066 | D:8      | Reached XP level 10. HP: 73/73 MP: 13/20
 12114 | D:8      | Found a staircase to the Lair.
 12157 | D:8      | Found a hazy altar of Hepliaklqana.
 12164 | D:8      | HP: 17/73 [acid (8)]
 12168 | D:8      | Reached skill level 5 in Fighting
 12168 | D:8      | Reached skill level 5 in Short Blades
 12168 | D:8      | Reached skill level 5 in Long Blades
 12168 | D:8      | Reached skill level 5 in Axes
 12168 | D:8      | Reached skill level 5 in Maces & Flails
 12168 | D:8      | Reached skill level 5 in Polearms
 12168 | D:8      | Reached skill level 5 in Staves
 12168 | D:8      | Reached skill level 5 in Slings
 12168 | D:8      | Reached skill level 5 in Bows
 12168 | D:8      | Reached skill level 5 in Crossbows
 12168 | D:8      | Reached skill level 5 in Throwing
 12168 | D:8      | Reached skill level 5 in Armour
 12168 | D:8      | Reached skill level 5 in Shields
 12168 | D:8      | Reached skill level 5 in Unarmed Combat
 12168 | D:8      | Reached skill level 5 in Evocations
 12953 | D:9      | Reached skill level 7 in Earth Magic
 13138 | D:9      | Noticed Psyche
 13156 | D:9      | Killed Psyche
 13157 | D:9      | Reached skill level 7 in Dodging
 13269 | D:9      | Noticed Gastronok
 13310 | D:9      | Killed Gastronok
 13311 | D:9      | Reached skill level 7 in Stealth
 13311 | D:9      | Reached skill level 5 in Transmutations
 13311 | D:9      | Reached skill level 6 in Invocations
 13400 | D:9      | Reached XP level 11. HP: 81/81 MP: 22/22
 13684 | D:9      | Noticed a two-headed ogre
 13691 | D:9      | Killed a two-headed ogre
 13692 | D:9      | Reached skill level 6 in Fighting
 13692 | D:9      | Reached skill level 6 in Short Blades
 13692 | D:9      | Reached skill level 6 in Long Blades
 13692 | D:9      | Reached skill level 6 in Axes
 13692 | D:9      | Reached skill level 6 in Maces & Flails
 13692 | D:9      | Reached skill level 6 in Polearms
 13692 | D:9      | Reached skill level 6 in Staves
 13692 | D:9      | Reached skill level 6 in Slings
 13692 | D:9      | Reached skill level 6 in Bows
 13692 | D:9      | Reached skill level 6 in Crossbows
 13692 | D:9      | Reached skill level 6 in Throwing
 13692 | D:9      | Reached skill level 6 in Armour
 13692 | D:9      | Reached skill level 6 in Shields
 13692 | D:9      | Reached skill level 6 in Unarmed Combat
 13692 | D:9      | Reached skill level 5 in Conjurations
 13692 | D:9      | Reached skill level 5 in Hexes
 13692 | D:9      | Reached skill level 5 in Summonings
 13692 | D:9      | Reached skill level 5 in Necromancy
 13692 | D:9      | Reached skill level 5 in Translocations
 13692 | D:9      | Reached skill level 5 in Fire Magic
 13692 | D:9      | Reached skill level 5 in Ice Magic
 13692 | D:9      | Reached skill level 5 in Air Magic
 13692 | D:9      | Reached skill level 5 in Poison Magic
 13692 | D:9      | Reached skill level 6 in Evocations
 13758 | D:9      | Found Ibbui's CLEARANCE SALE! EVERYTHING MUST GO!.
 13769 | D:9      | Bought a scroll of teleportation for 15 gold pieces
 13769 | D:9      | Bought 15 stones for 7 gold pieces
 13885 | D:10     | Entered Level 10 of the Dungeon
 13885 | D:10     | Noticed a two-headed ogre
 13894 | D:10     | Killed a two-headed ogre
 13895 | D:10     | Reached skill level 8 in Spellcasting
 13955 | D:10     | Found Yloomm's Book Shop.
 13985 | D:10     | Found a transporter.
 14185 | D:10     | Noticed a two-headed ogre
 14193 | D:10     | Killed a two-headed ogre
 14194 | D:10     | Reached skill level 7 in Invocations
 14250 | D:10     | Reached skill level 8 in Dodging
 14604 | D:10     | Found a viscous altar of Jiyva.
 14605 | D:10     | Found a transporter.
 14778 | D:11     | Identified the Handbook of Moulding and Sinister Arts
 14802 | D:11     | Found a flickering gateway to a bazaar.
 14815 | Bazaar   | Entered a bazaar
 14819 | Bazaar   | Found Pulat's Distillery.
 14836 | Bazaar   | Found Kyot's Weapon Emporium.
 14874 | Bazaar   | Found Jahej's Assorted Antiques.
 14879 | Bazaar   | Bought a scroll labelled IWUPTA JIGRIC for 16 gold pieces
 14890 | Bazaar   | Found Yshadyam's Magic Scroll Shoppe.
 14983 | D:11     | Reached skill level 6 in Transmutations
 15021 | D:11     | Learned a level 3 spell: Frozen Ramparts
 15062 | D:11     | Reached skill level 8 in Stealth
 15330 | D:11     | Noticed a five-headed hydra
 15338 | D:11     | Learned a level 5 spell: Borgnjor's Vile Clutch
 15340 | D:11     | Learned a level 1 spell: Foxfire
 15349 | D:11     | Noticed a boulder beetle
 15351 | D:11     | Killed a five-headed hydra
 15365 | D:11     | Killed a boulder beetle
 15366 | D:11     | Reached skill level 8 in Earth Magic
 15366 | D:11     | Reached XP level 12. HP: 45/89 MP: 19/24
 15742 | D:11     | Reached *** piety under Ashenzari
 16199 | D:12     | Reached skill level 7 in Fighting
 16199 | D:12     | Reached skill level 7 in Short Blades
 16199 | D:12     | Reached skill level 7 in Long Blades
 16199 | D:12     | Reached skill level 7 in Axes
 16199 | D:12     | Reached skill level 7 in Maces & Flails
 16199 | D:12     | Reached skill level 7 in Polearms
 16199 | D:12     | Reached skill level 7 in Staves
 16199 | D:12     | Reached skill level 7 in Slings
 16199 | D:12     | Reached skill level 7 in Bows
 16199 | D:12     | Reached skill level 7 in Crossbows
 16199 | D:12     | Reached skill level 7 in Throwing
 16199 | D:12     | Reached skill level 7 in Armour
 16199 | D:12     | Reached skill level 7 in Shields
 16199 | D:12     | Reached skill level 7 in Unarmed Combat
 16199 | D:12     | Reached skill level 7 in Evocations
 16459 | D:12     | Noticed a two-headed ogre
 16474 | D:12     | Killed a two-headed ogre
 16718 | D:12     | Reached skill level 6 in Conjurations
 16718 | D:12     | Reached skill level 6 in Hexes
 16718 | D:12     | Reached skill level 6 in Summonings
 16718 | D:12     | Reached skill level 6 in Necromancy
 16718 | D:12     | Reached skill level 6 in Translocations
 16718 | D:12     | Reached skill level 6 in Fire Magic
 16718 | D:12     | Reached skill level 6 in Ice Magic
 16718 | D:12     | Reached skill level 6 in Air Magic
 16718 | D:12     | Reached skill level 6 in Poison Magic
 16788 | D:12     | Reached skill level 8 in Invocations
 16877 | D:12     | Found a staircase to the Orcish Mines.
 17025 | D:12     | Reached skill level 9 in Spellcasting
 17405 | D:13     | Noticed a boulder beetle
 17410 | D:13     | Killed a boulder beetle
 17554 | D:13     | Noticed a catoblepas
 17554 | D:13     | Noticed a five-headed hydra
 17683 | D:12     | Killed a five-headed hydra
 17839 | D:12     | HP: 10/91 [catoblepas (25)]
 17840 | D:12     | Killed a catoblepas
 18225 | D:13     | Reached skill level 9 in Dodging
 18474 | D:13     | Found a stormy altar of Qazlal.
 18500 | D:13     | Noticed a six-headed hydra
 18504 | D:13     | Noticed Urug
 18505 | D:13     | Killed a six-headed hydra
 18506 | D:13     | Reached skill level 9 in Stealth
 18506 | D:13     | Reached XP level 13. HP: 98/98 MP: 26/26
 18533 | D:13     | Killed Urug
 18534 | D:13     | Reached skill level 7 in Transmutations
 18690 | D:13     | Reached skill level 8 in Fighting
 18690 | D:13     | Reached skill level 8 in Short Blades
 18690 | D:13     | Reached skill level 8 in Long Blades
 18690 | D:13     | Reached skill level 8 in Axes
 18690 | D:13     | Reached skill level 8 in Maces & Flails
 18690 | D:13     | Reached skill level 8 in Polearms
 18690 | D:13     | Reached skill level 8 in Staves
 18690 | D:13     | Reached skill level 8 in Slings
 18690 | D:13     | Reached skill level 8 in Bows
 18690 | D:13     | Reached skill level 8 in Crossbows
 18690 | D:13     | Reached skill level 8 in Throwing
 18690 | D:13     | Reached skill level 8 in Armour
 18690 | D:13     | Reached skill level 8 in Shields
 18690 | D:13     | Reached skill level 8 in Unarmed Combat
 18690 | D:13     | Reached skill level 8 in Evocations
 19062 | D:13     | Found an ancient bone altar of Kikubaaqudgha.
 19124 | D:13     | Reached skill level 9 in Invocations
 19194 | D:13     | Identified a lightning rod (4/4)
 19215 | D:13     | Learned a level 5 spell: Silence
 19218 | D:13     | Noticed a vampire knight
 19237 | D:13     | Killed a vampire knight
 19985 | D:14     | Identified a lightning rod (4/4)
 20368 | D:14     | Noticed Snorg
 20377 | D:14     | Killed Snorg
 20378 | D:14     | Reached skill level 7 in Conjurations
 20378 | D:14     | Reached skill level 7 in Hexes
 20378 | D:14     | Reached skill level 7 in Summonings
 20378 | D:14     | Reached skill level 7 in Necromancy
 20378 | D:14     | Reached skill level 7 in Translocations
 20378 | D:14     | Reached skill level 7 in Fire Magic
 20378 | D:14     | Reached skill level 7 in Ice Magic
 20378 | D:14     | Reached skill level 7 in Air Magic
 20378 | D:14     | Reached skill level 9 in Earth Magic
 20378 | D:14     | Reached skill level 7 in Poison Magic
 20588 | D:14     | Noticed a vault guard
 20594 | D:14     | Killed a vault guard
 20687 | D:14     | Found a gate to the Vaults.
 20858 | D:14     | Reached skill level 10 in Spellcasting
 21210 | D:14     | Reached XP level 14. HP: 36/106 MP: 8/28
 21276 | D:14     | Reached skill level 10 in Dodging
 21585 | D:14     | Noticed Nessos
 21595 | D:14     | Learned a level 6 spell: Invisibility
 21618 | D:14     | Killed Nessos
 21874 | D:14     | Found a sparkling altar of Nemelex Xobeh.
 21922 | D:15     | Entered Level 15 of the Dungeon
 21992 | D:15     | Reached skill level 9 in Fighting
 21992 | D:15     | Reached skill level 9 in Short Blades
 21992 | D:15     | Reached skill level 9 in Long Blades
 21992 | D:15     | Reached skill level 9 in Axes
 21992 | D:15     | Reached skill level 9 in Maces & Flails
 21992 | D:15     | Reached skill level 9 in Polearms
 21992 | D:15     | Reached skill level 9 in Staves
 21992 | D:15     | Reached skill level 9 in Slings
 21992 | D:15     | Reached skill level 9 in Bows
 21992 | D:15     | Reached skill level 9 in Crossbows
 21992 | D:15     | Reached skill level 9 in Throwing
 21992 | D:15     | Reached skill level 9 in Armour
 21992 | D:15     | Reached skill level 9 in Shields
 21992 | D:15     | Reached skill level 9 in Unarmed Combat
 21992 | D:15     | Reached skill level 9 in Evocations
 22169 | D:15     | Reached skill level 10 in Stealth
 22517 | D:15     | Reached skill level 8 in Transmutations
 22532 | D:15     | Reached skill level 10 in Invocations
 22663 | D:15     | Found a staircase to the Depths.
 22663 | D:15     | Noticed a fire giant
 22670 | D:15     | Killed a fire giant
 23194 | D:15     | Noticed Azrael
 23204 | D:15     | Killed Azrael
 23656 | Depths:1 | Entered Level 1 of the Depths
 23801 | Orc:1    | Entered Level 1 of the Orcish Mines
 23828 | Orc:1    | Reached skill level 8 in Conjurations
 23828 | Orc:1    | Reached skill level 8 in Hexes
 23828 | Orc:1    | Reached skill level 8 in Summonings
 23828 | Orc:1    | Reached skill level 8 in Necromancy
 23828 | Orc:1    | Reached skill level 8 in Translocations
 23828 | Orc:1    | Reached skill level 8 in Fire Magic
 23828 | Orc:1    | Reached skill level 8 in Ice Magic
 23828 | Orc:1    | Reached skill level 8 in Air Magic
 23828 | Orc:1    | Reached skill level 8 in Poison Magic
 24521 | Orc:2    | Entered Level 2 of the Orcish Mines
 24735 | Orc:2    | Reached **** piety under Ashenzari
 24762 | Orc:2    | Found Mizihuts's Antique Weapon Shoppe.
 24855 | Orc:2    | Found Leujadgha's Assorted Antiques.
 25006 | Orc:2    | Bought a scroll labelled CUQIKLUCUI for 37 gold pieces
 25085 | Orc:2    | Noticed Maurice
 25096 | Orc:2    | Killed Maurice
 25097 | Orc:2    | Reached XP level 15. HP: 114/115 MP: 19/29
 25116 | Orc:2    | Found Plog's Magic Scroll Boutique.
 25116 | Orc:2    | Found Huinkemo's Antique Armour Shoppe.
 25199 | Orc:2    | Found a staircase to the Elven Halls.
 25620 | Elf:1    | Entered Level 1 of the Elven Halls
 26129 | Lair:1   | Entered Level 1 of the Lair of Beasts
 26420 | Lair:1   | Reached skill level 11 in Spellcasting
 26902 | Lair:2   | Reached skill level 10 in Earth Magic
 27522 | Lair:2   | Reached skill level 10 in Fighting
 27522 | Lair:2   | Reached skill level 10 in Short Blades
 27522 | Lair:2   | Reached skill level 10 in Long Blades
 27522 | Lair:2   | Reached skill level 10 in Axes
 27522 | Lair:2   | Reached skill level 10 in Maces & Flails
 27522 | Lair:2   | Reached skill level 10 in Polearms
 27522 | Lair:2   | Reached skill level 10 in Staves
 27522 | Lair:2   | Reached skill level 10 in Slings
 27522 | Lair:2   | Reached skill level 10 in Bows
 27522 | Lair:2   | Reached skill level 10 in Crossbows
 27522 | Lair:2   | Reached skill level 10 in Throwing
 27522 | Lair:2   | Reached skill level 10 in Armour
 27522 | Lair:2   | Reached skill level 10 in Shields
 27522 | Lair:2   | Reached skill level 10 in Unarmed Combat
 27522 | Lair:2   | Reached skill level 10 in Evocations
 27892 | Lair:3   | Found a staircase to the Snake Pit.
 27972 | Lair:3   | Reached ***** piety under Ashenzari
 27989 | Lair:3   | Reached skill level 11 in Dodging
 28677 | Lair:3   | Reached skill level 11 in Invocations
 29085 | Lair:4   | Identified Ufoobby's Compendium of Icy Dislocation
 29272 | Lair:4   | Found a dark tunnel.
 29280 | Volcano  | Entered a volcano
 29310 | Volcano  | Reached skill level 11 in Stealth
 29310 | Volcano  | Reached skill level 9 in Transmutations
 29310 | Volcano  | Reached XP level 16. HP: 133/133 MP: 33/35
 29332 | Volcano  | Found the +3 pair of gauntlets of War {Slay+5}
 29333 | Volcano  | Reached skill level 9 in Conjurations
 29333 | Volcano  | Reached skill level 9 in Hexes
 29333 | Volcano  | Reached skill level 9 in Summonings
 29333 | Volcano  | Reached skill level 9 in Necromancy
 29333 | Volcano  | Reached skill level 9 in Translocations
 29333 | Volcano  | Reached skill level 9 in Fire Magic
 29333 | Volcano  | Reached skill level 9 in Ice Magic
 29333 | Volcano  | Reached skill level 9 in Air Magic
 29333 | Volcano  | Reached skill level 9 in Poison Magic
 29333 | Volcano  | Reached XP level 17. HP: 139/139 MP: 36/36
 29498 | Lair:4   | Found a staircase to the Swamp.
 30545 | Lair:5   | Found a staircase to the Slime Pits.
 30824 | Lair:6   | Entered Level 6 of the Lair of Beasts
 30836 | Slime:1  | Entered Level 1 of the Pits of Slime
 31347 | Lair:6   | Reached XP level 18. HP: 151/151 MP: 38/38
 31409 | Lair:6   | Reached skill level 11 in Fighting
 31409 | Lair:6   | Reached skill level 11 in Short Blades
 31409 | Lair:6   | Reached skill level 11 in Long Blades
 31409 | Lair:6   | Reached skill level 11 in Axes
 31409 | Lair:6   | Reached skill level 11 in Maces & Flails
 31409 | Lair:6   | Reached skill level 11 in Polearms
 31409 | Lair:6   | Reached skill level 11 in Staves
 31409 | Lair:6   | Reached skill level 11 in Slings
 31409 | Lair:6   | Reached skill level 11 in Bows
 31409 | Lair:6   | Reached skill level 11 in Crossbows
 31409 | Lair:6   | Reached skill level 11 in Throwing
 31409 | Lair:6   | Reached skill level 11 in Armour
 31409 | Lair:6   | Reached skill level 11 in Shields
 31409 | Lair:6   | Reached skill level 11 in Unarmed Combat
 31409 | Lair:6   | Reached skill level 11 in Evocations
 31552 | Lair:6   | Reached skill level 12 in Spellcasting
 31795 | Lair:6   | Reached skill level 12 in Invocations
 31991 | Lair:6   | Reached ****** piety under Ashenzari
 31999 | Lair:6   | Learned a level 6 spell: Simulacrum
 32006 | Lair:6   | Learned a level 6 spell: Starburst
 32014 | Lair:6   | Learned a level 7 spell: Dragon Form
 32109 | Lair:6   | Identified the cursed +0 cloak of the Fated Seer {Elem,
                  | Alch} (You found it on level 11 of the Dungeon)
 32109 | Lair:6   | Identified the cursed +2 hat of Toth-Mos's Legacy {Stlth+,
                  | Cun, Elem} (You took it off Gastronok on level 9 of the
                  | Dungeon)
 32464 | Swamp:1  | Entered Level 1 of the Swamp
 32968 | Swamp:1  | Identified the +1 robe of Eternal Night {Will+ SInv}
 32975 | Swamp:1  | Reached skill level 12 in Dodging
 33118 | Swamp:1  | Noticed a tentacled monstrosity
 33137 | Swamp:1  | Killed a tentacled monstrosity
 33301 | Swamp:1  | Reached skill level 11 in Earth Magic
 33569 | Swamp:2  | Reached skill level 12 in Stealth
 34401 | Swamp:2  | Reached skill level 10 in Transmutations
 34842 | Swamp:2  | Found the +9 staff of Wucad Mu {*channel}
 34890 | Swamp:2  | Upgraded the game from 0.27-a0-1513-g2aaa0cc67b to
                  | 0.27-a0-1532-gca18f49f40
 35411 | Swamp:3  | Noticed a tentacled monstrosity
 35420 | Swamp:3  | Killed a tentacled monstrosity
 36329 | Swamp:3  | Reached skill level 10 in Conjurations
 36329 | Swamp:3  | Reached skill level 10 in Hexes
 36329 | Swamp:3  | Reached skill level 10 in Summonings
 36329 | Swamp:3  | Reached skill level 10 in Necromancy
 36329 | Swamp:3  | Reached skill level 10 in Translocations
 36329 | Swamp:3  | Reached skill level 10 in Fire Magic
 36329 | Swamp:3  | Reached skill level 10 in Ice Magic
 36329 | Swamp:3  | Reached skill level 10 in Air Magic
 36329 | Swamp:3  | Reached skill level 10 in Poison Magic
 36562 | Swamp:4  | Entered Level 4 of the Swamp
 36967 | Swamp:4  | HP: 38/155 [swamp dragon][a spriggan druid] (6)]
 36967 | Swamp:4  | HP: 18/155 [will-o-the-wisp/foxfire (14)]
 36968 | Swamp:4  | Killed from afar by a will-o-the-wisp

Illustrated notes

Levels and vault maps discovered:
D:1:      minmay_arrival_arboretum_small, layout_loops_corners, serial_shops,
          shop_fountains, grunt_decor_one_mirror
D:2:      layout_loops_ring
D:3:      layout_basic, mainiacjoe_overflow_24_doors, lightli_sewer_entry_pipes,
          basic_ecumenical_altar
D:4:      cheibrodos_greedy_goblins, layout_basic, lightli_temple_of_fire,
          temple_doors_ab, minmay_misc_feat_more_columns, columned_hall_lemuel,
          uniq_blork_the_orc
D:5:      layout_loops_ring, overflow_temple_1_default,
          kennysheep_generic_room_4
D:6:      layout_loops_cross, nicolae_vehumet_altar_sigil, serial_shops,
          nicolae_inconvenience_store
D:7:      layout_cave_pods, kennysheep_slug_shrine, grunt_decor_arrowhead
D:8:      layout_loops_corners, mainiacjoe_overflow_boulevard,
          due_lair_maze_entry_diamond, uniq_maggie
D:9:      layout_irregular_city, minmay_misc_feat_plants,
          hangedman_decor_growths, nicolae_shop_clearance, uniq_psyche,
          uniq_gastronok
D:10:     gammafunk_jiyva_shrine, layout_rooms, serial_shops, shop,
          feat_on_display
D:11:     layout_stronghold, serial_shops, bzr_entry_islet,
          kennysheep_small_circle
D:12:     layout_basic, david_orc_4, minmay_misc_feat_roman,
          hangedman_decor_slide_cut
D:13:     lemuel_vampire_tower, layout_basic, hangedman_stone_soup,
          grunt_qazlal_clouds, uniq_urug
D:14:     layout_irregular_city, david_vaults_4, nemelex_lonely_heart_becter,
          serial_glass, glass_columns_b, glass_columns_a,
          small_statue_intersection, uniq_snorg, uniq_nessos
D:15:     grunt_enter_depths_giant_problem, layout_gridville,
          chequers_mini_garden, einodemon_armed_red_devil_minivault, uniq_azrael
Temple:   nicolae_temple_x_marks_the_god
Lair:1:   layout_gridlike, st_stairs_12, minivault_23, serial_bayou_shore_b
Lair:2:   layout_regular_city, infiniplex_staircase_pool
Lair:3:   lemuel_reptile_caves, layout_concentric_octagons,
          minmay_snake_entry_guardpost_small, minmay_hedge_maze,
          lemuel_fruit_tree, infiniplex_staircase_pool_2
Lair:4:   layout_hall_layers, minmay_swamp_entry_worms,
          nicolae_volcano_entry_hallway, grunt_megastairs_4
Lair:5:   layout_gridlike, minmay_slime_entry_jelly_boxes,
          minmay_lair_oklob_chamber
Lair:6:   minmay_lair_end_enchanted_forest, layout_regular_city
Swamp:1:  layout_basic_swamp, nicolae_swamp_trees_clearing, swamp_pool1,
          nicolae_swamp_super_fun_site
Swamp:2:  layout_basic_swamp, nicolae_swamp_little_swirl
Swamp:3:  nicolae_swamp_secret_spriggan_hideout, layout_basic_swamp,
          evilmike_swamp_ruin_house_4, nicolae_swamp_wisp_ring_woods
Swamp:4:  swamp_vile, layout_basic_swamp
Slime:1:  layout_caves
Orc:1:    layout_caves
Orc:2:    st_orc_town, layout_caves, uniq_maurice
Elf:1:    eino_elf_arrival_sip, layout_geoelf_octagon, uniq_jorgrun, uniq_agnes
Depths:1: layout_gridlike, serial_shops, shop, hell_entry,
          grunt_pan_entry_sceptre, abyss_entry, hangedman_glass_teeth,
          okawaru_ov_weapons_minmay, grunt_megastairs_3, uniq_enchantress

Skill      XL: |  1  2  3  4  5  6  7  8  9 10 11 12 13 14 15 16 17 18 |
---------------+-------------------------------------------------------+-----
Transmutations | 2 3 4 5 6 7 8 9 10 | 10.2
Spellcasting   | 5 6 7 8 9 10 11 12 | 12.6
Invocations    | 1 2 3 4 5 6 7 8 9 10 11 12 | 12.6
Fighting       | 1 2 3 4 5 6 7 8 9 10 11 | 11.7
Short Blades   | 1 2 3 4 5 6 7 8 9 10 11 | 11.7
Long Blades    | 1 2 3 4 5 6 7 8 9 10 11 | 11.7
Axes           | 1 2 3 4 5 6 7 8 9 10 11 | 11.7
Maces & Flails | 1 2 3 4 5 6 7 8 9 10 11 | 11.7
Polearms       | 1 2 3 4 5 6 7 8 9 10 11 | 11.7
Staves         | 1 2 3 4 5 6 7 8 9 10 11 | 11.7
Slings         | 1 2 3 4 5 6 7 8 9 10 11 | 11.7
Bows           | 1 2 3 4 5 6 7 8 9 10 11 | 11.7
Crossbows      | 1 2 3 4 5 6 7 8 9 10 11 | 11.7
Throwing       | 1 2 3 4 5 6 7 8 9 10 11 | 11.7
Armour         | 1 2 3 4 5 6 7 8 9 10 11 | 11.7
Shields        | 1 2 3 4 5 6 7 8 9 10 11 | 11.7
Unarmed Combat | 1 2 3 4 5 6 7 8 9 10 11 | 11.7
Evocations     | 1 2 3 4 5 6 7 8 9 10 11 | 11.7
Conjurations   | 1 2 3 4 5 6 7 8 9 10 | 10.0
Hexes          | 1 2 3 4 5 6 7 8 9 10 | 10.0
Summonings     | 1 2 3 4 5 6 7 8 9 10 | 10.0
Necromancy     | 1 2 3 4 5 6 7 8 9 10 | 10.0
Translocations | 1 2 3 4 5 6 7 8 9 10 | 10.0
Fire Magic     | 1 2 3 4 5 6 7 8 9 10 | 10.0
Ice Magic      | 1 2 3 4 5 6 7 8 9 10 | 10.0
Air Magic      | 1 2 3 4 5 6 7 8 9 10 | 10.0
Poison Magic   | 1 2 3 4 5 6 7 8 9 10 | 10.0
Dodging        | 5 6 7 8 9 10 11 12 | 12.4
Stealth        | 5 6 7 8 9 10 11 12 | 12.3
Earth Magic    | 6 7 8 9 10 11 | 11.3

Action                   |  1- 3 |  4- 6 |  7- 9 | 10-12 | 13-15 | 16-18 || total
-------------------------+-------+-------+-------+-------+-------+-------++-------
Melee: Whip              |    48 |   173 |    82 |       |       |       ||   303
       Hand axe          |     8 |       |       |       |       |       ||     8
       Bite              |     4 |     4 |    17 |    36 |    94 |    79 ||   234
       Rapier            |       |       |    78 |   340 |   876 |   817 ||  2111
       Punch             |       |       |     1 |       |       |       ||     1
       Unarmed           |       |       |       |       |       |     7 ||     7
       Tailslap          |       |       |       |       |       |     3 ||     3
Throw: Javelin           |       |       |       |       |       |     2 ||     2
 Cast: Sandblast         |     4 |    45 |    62 |    38 |    36 |     1 ||   186
       Stone Arrow       |       |       |     7 |     4 |    11 |     7 ||    29
       Frozen Ramparts   |       |       |       |     7 |    45 |     7 ||    59
       Foxfire           |       |       |       |     3 |       |     3 ||     6
       Lee's Rapid Decon |       |       |       |       |     6 |       ||     6
       Borgnjor's Vile C |       |       |       |       |     1 |       ||     1
       Invisibility      |       |       |       |       |     1 |       ||     1
       Passwall          |       |       |       |       |     1 |     1 ||     2
       Starburst         |       |       |       |       |       |     8 ||     8
       Silence           |       |       |       |       |       |     3 ||     3
       Dragon Form       |       |       |       |       |       |     2 ||     2
       Simulacrum        |       |       |       |       |       |     1 ||     1
Invok: Curse Item        |       |       |     3 |     2 |     3 |     3 ||    11
       Shatter the Chain |       |       |       |       |       |     1 ||     1
 Abil: Breathe Fire      |       |       |       |       |       |     2 ||     2
Evoke: Wand              |       |       |       |     4 |       |       ||     4
  Use: Scroll            |       |     4 |       |     4 |     1 |     1 ||    10
       Potion            |       |     3 |       |       |     1 |     1 ||     5
 Stab: Sleeping          |    10 |     5 |     5 |    15 |    43 |    38 ||   116
       Distracted        |       |       |       |     2 |     4 |     4 ||    10
       Invisible         |       |       |       |       |     1 |       ||     1
Armor: Robe              |     7 |    32 |     8 |       |       |       ||    47
       Ring mail         |       |       |    19 |    95 |   180 |   163 ||   457
       Skin              |       |       |       |       |       |     6 ||     6
Dodge: Dodged            |    25 |   172 |   147 |   277 |   501 |   453 ||  1575
Block: Buckler           |       |       |     6 |    77 |   204 |   358 ||   645
       Other             |       |       |       |       |       |     2 ||     2
       Reflection        |       |       |       |       |       |     2 ||     2

Table legend: (Time is in decaauts)
 A = Elapsed time spent in this place.
 B = Non-inter-level travel time spent in this place.
 C = Inter-level travel time spent in this place.
 D = Time resting spent in this place.
 E = Time spent auto-exploring this place.
 F = Levels seen in this place.
 G = Mean time per level.
                   A        B        C        D        E       F      G
               +--------+--------+--------+--------+--------+-----+--------+
         Total |  36438 |  33469 |   2969 |    312 |  27342 |  34 | 1071.7 |
       Dungeon |  22633 |  20535 |   2098 |      0 |  17643 |  15 | 1508.9 |
        Temple |     65 |     56 |      9 |      0 |     51 |   1 |   65.0 |
          Lair |   5810 |   5376 |    434 |     30 |   4216 |   6 |  968.3 |
         Swamp |   4341 |   4073 |    268 |    282 |   2893 |   4 | 1085.2 |
    Slime Pits |      1 |      1 |      0 |      0 |      0 |   1 |    1.0 |
  Orcish Mines |   2097 |   1938 |    159 |      0 |   1441 |   2 | 1048.5 |
   Elven Halls |     10 |     10 |      0 |      0 |      0 |   1 |   10.0 |
        Depths |      1 |      1 |      0 |      0 |      0 |   1 |    1.0 |
        Bazaar |    109 |    109 |      0 |      0 |    100 |   1 |  109.0 |
         Sewer |   1167 |   1167 |      0 |      0 |    892 |   1 | 1167.0 |
       Volcano |    198 |    198 |      0 |      0 |    106 |   1 |  198.0 |
               +--------+--------+--------+--------+--------+-----+--------+

Top non-repeatable levels by time:
    D:12: 2426 daAuts
    D:13: 2174 daAuts
     D:4: 2082 daAuts
     D:5: 1856 daAuts
 Swamp:3: 1847 daAuts
 Swamp:1: 1696 daAuts
    D:15: 1666 daAuts
    D:14: 1573 daAuts
     D:3: 1482 daAuts
     D:1: 1461 daAuts
     D:6: 1377 daAuts
  Lair:6: 1376 daAuts
     D:2: 1324 daAuts
   Orc:2: 1320 daAuts
     D:8: 1241 daAuts

Table legend:
 A = Kills in this place as a percentage of kills in entire the game.
 B = Kills by you in this place as a percentage of kills by you in the entire game.
 C = Kills by friends in this place as a percentage of kills by friends in the entire game.
 D = Other kills in this place as a percentage of other kills in the entire game.
 E = Experience gained in this place as a percentage of experience gained in the entire game.
 F = Experience gained in this place divided by the number of levels of this place that you have seen.
                   A       B       C       D       E      F
               +-------+-------+-------+-------+-------+----------------------
         Total | 100.0 | 100.0 | 100.0 | 100.0 | 100.0 | 6091.9
       Dungeon |  42.0 |  42.2 |   0.0 |  33.3 |  37.9 | 5229.0
          Lair |  28.1 |  28.2 |   0.0 |   0.0 |  29.2 | 10083.2
         Swamp |  11.1 |  10.7 | 100.0 |  66.7 |  26.3 | 13612.5
  Orcish Mines |  15.7 |  15.8 |   0.0 |   0.0 |   6.0 | 6242.0
         Sewer |   2.6 |   2.6 |   0.0 |   0.0 |   0.0 |  58.0
       Volcano |   0.5 |   0.5 |   0.0 |   0.0 |   0.6 | 1200.0
               +-------+-------+-------+-------+-------+----------------------
